[Event "FIDE WCCC Open-12 2024"]
[Site "Montesilvano"]
[Date "2024.11.18"]
[Round "2.21"]
[White "Hallmundarson, Birkir"]
[Black "Karthi, Jashith"]
[Result "0-1"]
[ECO "D26"]
[WhiteElo "1914"]
[BlackElo "2073"]
[PlyCount "82"]
[EventDate "2024.11.18"]
[EventType "swiss"]
[EventCountry "ITA"]
[TimeControl "5400+30"]

1. Nf3 d5 2. d4 Nf6 3. c4 e6 4. Nc3 dxc4 5. e3 a6 6. Bxc4 b5 7. Bb3 Bb7 8. O-O Nbd7 9. Qe2 Be7 10. Rd1 O-O 11. a3 c5 12. dxc5 Qc7 13. Ba2 Bxc5 14. b4 Bd6 15. Bb2 Bxf3 16. Qxf3 Bxh2+ 17. Kh1 Ne5 18. Qe2 Neg4 19. Rac1 Bg1 20. g3 Bxf2 21. Ne4 Qb7 22. Bd5 Nxd5 23. Rxd5 exd5 24. Nxf2 d4+ 25. Kg1 Nxe3 26. Ng4 Qe4 27. Nh2 Rac8 28. Rc5 Rxc5 29. bxc5 d3 30. Qf2 Nd1 31. Qd4 Qe1+ 32. Nf1 Nxb2 33. Qxb2 Qe2 34. Qd4 Re8 35. c6 d2 36. Nxd2 Qe3+ 37. Qxe3 Rxe3 38. a4 Rxg3+ 39. Kf2 Rc3 40. axb5 axb5 41. Ke2 Rxc6 0-1

[Event "FIDE WCCC Open-12 2024"]
[Site "Montesilvano"]
[Date "2024.11.18"]
[Round "2.22"]
[White "Baturin-Vinogradov, Miroslav"]
[Black "Vinales Gonzalez, Enzo Mathias"]
[Result "1-0"]
[ECO "E66"]
[WhiteElo "2048"]
[BlackElo "1903"]
[PlyCount "59"]
[EventDate "2024.11.18"]
[EventType "swiss"]
[EventCountry "ITA"]
[TimeControl "5400+30"]

1. d4 Nf6 2. c4 g6 3. g3 Bg7 4. Bg2 O-O 5. Nc3 d6 6. Nf3 c5 7. O-O Nc6 8. d5 Na5 9. Nd2 e6 10. Qc2 exd5 11. cxd5 Bf5 12. e4 Bd7 13. b3 b5 14. Bb2 Rc8 15. Rfe1 Qb6 16. Rac1 Ng4 17. Nd1 Bxb2 18. Qxb2 Ne5 19. Bf1 f5 20. exf5 Bxf5 21. Ne3 Bd7 22. f4 Ng4 23. Nxg4 Bxg4 24. Ne4 Bf3 25. Qf2 Bg4 26. h3 Bf5 27. Ng5 Rfe8 28. g4 Bd7 29. Qh4 h5 30. gxh5 1-0

[Event "FIDE WCCC Open-12 2024"]
[Site "Montesilvano"]
[Date "2024.11.18"]
[Round "2.23"]
[White "Tona, Leonardo"]
[Black "Bulgak, Damir"]
[Result "0-1"]
[ECO "D40"]
[WhiteElo "1906"]
[BlackElo "2044"]
[PlyCount "74"]
[EventDate "2024.11.18"]
[EventType "swiss"]
[EventCountry "ITA"]
[TimeControl "5400+30"]

1. d4 Nf6 2. c4 e6 3. Nc3 d5 4. e3 a6 5. Nf3 dxc4 6. Bxc4 b5 7. Bd3 Bb7 8. a3 c5 9. dxc5 Bxc5 10. b4 Bd6 11. Bb2 O-O 12. O-O Qe7 13. Qe2 Nbd7 14. e4 Ne5 15. Nxe5 Bxe5 16. f4 Bd4+ 17. Kh1 e5 18. fxe5 Qxe5 19. Rf5 Qe6 20. Raf1 Rae8 21. Nxb5 Bxb2 22. Nc7 Qd6 23. Nxe8 Rxe8 24. Qxb2 Qxd3 25. e5 Bd5 26. R5f4 Ne4 27. Rc1 Qe3 28. Rf3 Qg5 29. Rd3 Nf2+ 30. Qxf2 Qxc1+ 31. Qg1 Bxg2+ 32. Kxg2 Qc2+ 33. Qf2 Qxd3 34. Qb2 Re6 35. Qc1 Qe2+ 36. Kg3 Rg6+ 37. Kf4 Rg4+ 0-1

[Event "FIDE WCCC Open-12 2024"]
[Site "Montesilvano"]
[Date "2024.11.18"]
[Round "2.24"]
[White "Minga-Nagy, Abel Inti"]
[Black "Yang, Maxwell"]
[Result "1/2-1/2"]
[ECO "B50"]
[WhiteElo "2033"]
[BlackElo "1889"]
[PlyCount "61"]
[EventDate "2024.11.18"]
[EventType "swiss"]
[EventCountry "ITA"]
[TimeControl "5400+30"]

1. e4 c5 2. Nf3 d6 3. c3 Nf6 4. h3 Nc6 5. Bd3 g6 6. Bc2 Bg7 7. O-O O-O 8. d4 Qc7 9. d5 Na5 10. Bf4 Nd7 11. Na3 a6 12. Rc1 b5 13. Bb1 Qb6 14. Qd2 Rb8 15. b4 Nc4 16. Nxc4 bxc4 17. bxc5 Nxc5 18. Nd4 Bd7 19. Bh6 Qb2 20. Qe3 e5 21. dxe6 fxe6 22. Bxg7 Kxg7 23. Nf3 Qb6 24. Rfd1 e5 25. Rd2 Rf6 26. Rcd1 Ba4 27. Re1 Rbf8 28. Nh2 Bd7 29. Red1 Ba4 30. Re1 Bd7 31. Red1 1/2-1/2

[Event "FIDE WCCC Open-12 2024"]
[Site "Montesilvano"]
[Date "2024.11.18"]
[Round "2.25"]
[White "Belyaletdinov, Leonard"]
[Black "Batbaatar, Baatar"]
[Result "1-0"]
[ECO "B53"]
[WhiteElo "1903"]
[BlackElo "2030"]
[PlyCount "81"]
[EventDate "2024.11.18"]
[EventType "swiss"]
[EventCountry "ITA"]
[TimeControl "5400+30"]

1. e4 c5 2. Nf3 d6 3. d4 cxd4 4. Qxd4 Nc6 5. Bb5 Bd7 6. Bxc6 Bxc6 7. O-O e5 8. Qd3 Nf6 9. Nc3 Be7 10. Bg5 Ng4 11. Bxe7 Qxe7 12. h3 Nf6 13. Nh4 g6 14. Rad1 Rd8 15. Qc4 O-O 16. g3 Qd7 17. Kh2 b5 18. Qb4 a5 19. Qxa5 Nxe4 20. Nxe4 Bxe4 21. Rfe1 Qc6 22. Qb4 Bd5 23. Re3 Be6 24. Rc3 Qb6 25. Rd2 d5 26. Rc5 Rb8 27. Nf3 f6 28. c3 Rf7 29. Ne1 Ra7 30. b3 Rc7 31. Nd3 Bf7 32. a4 Rxc5 33. a5 Qc7 34. Qxc5 Qxa5 35. Nb4 Qa3 36. Qc7 Rf8 37. Nxd5 Be6 38. Qc6 Bf5 39. Nxf6+ Kf7 40. Nxh7 Rh8 41. Qf6+ 1-0

[Event "FIDE WCCC Open-12 2024"]
[Site "Montesilvano"]
[Date "2024.11.18"]
[Round "2.26"]
[White "Kleschevnikov, Arseny"]
[Black "Tatvidze, Davit"]
[Result "1-0"]
[ECO "E20"]
[WhiteElo "1893"]
[BlackElo "2024"]
[PlyCount "78"]
[EventDate "2024.11.18"]
[EventType "swiss"]
[EventCountry "ITA"]
[TimeControl "5400+30"]

1. d4 Nf6 2. c4 e6 3. Nc3 Bb4 4. f3 c5 5. d5 b5 6. e4 d6 7. Nge2 bxc4 8. Nf4 e5 9. Nfe2 Nbd7 10. Ng3 Nb6 11. Be2 Bxc3+ 12. bxc3 Bd7 13. O-O h5 14. Bg5 h4 15. Nh1 Rh5 16. Qc1 Qe7 17. Nf2 Rxg5 18. Qxg5 Nfxd5 19. Qxe7+ Nxe7 20. Nd1 d5 21. Ne3 Be6 22. exd5 Nexd5 23. Nxd5 Bxd5 24. a4 Ke7 25. a5 Nd7 26. Ra4 Bc6 27. Ra2 Bd5 28. Rd1 Nf6 29. h3 Rb8 30. Ra4 Rb3 31. Bxc4 Bxc4 32. Rxc4 Nd7 33. Rxh4 Rxc3 34. Ra4 Ke6 35. Rb1 c4 36. a6 Kd6 37. Rab4 Nb6 38. Rxb6+ axb6 39. Ra1 Kd5 1-0

[Event "FIDE WCCC Open-12 2024"]
[Site "Montesilvano"]
[Date "2024.11.18"]
[Round "2.27"]
[White "Vaidyanathan, Adithya"]
[Black "Fadeev, Justin Michael"]
[Result "0-1"]
[ECO "D85"]
[WhiteElo "2018"]
[BlackElo "1878"]
[PlyCount "42"]
[EventDate "2024.11.18"]
[EventType "swiss"]
[EventCountry "ITA"]
[TimeControl "5400+30"]

1. Nf3 Nf6 2. d4 g6 3. c4 Bg7 4. Nc3 d5 5. cxd5 Nxd5 6. e4 Nxc3 7. bxc3 c5 8. Be3 Bg4 9. Bb5+ Nc6 10. d5 Qa5 11. Qa4 Qxc3+ 12. Ke2 O-O 13. dxc6 Qb2+ 14. Bd2 Rad8 15. Rad1 Bh6 16. Bd3 Rxd3 17. Kxd3 Rd8+ 18. Ke2 Rxd2+ 19. Rxd2 Qxd2+ 20. Kf1 Qd3+ 21. Ke1 Bxf3 0-1

[Event "FIDE WCCC Open-12 2024"]
[Site "Montesilvano"]
[Date "2024.11.18"]
[Round "2.28"]
[White "Huseynov, Ahmed"]
[Black "Elhusseiny, Eyad"]
[Result "1-0"]
[ECO "D00"]
[WhiteElo "1886"]
[BlackElo "2017"]
[PlyCount "101"]
[EventDate "2024.11.18"]
[EventType "swiss"]
[EventCountry "ITA"]
[TimeControl "5400+30"]

1. d4 d5 2. Nc3 Nf6 3. Bf4 g6 4. e3 Bg7 5. Be2 O-O 6. Nf3 c5 7. Ne5 Qb6 8. O-O cxd4 9. exd4 Bf5 10. Na4 Qa5 11. Nc5 Nbd7 12. Ncxd7 Nxd7 13. Bd3 Nxe5 14. Bxe5 Bxd3 15. Qxd3 f6 16. Bg3 e5 17. Rfe1 e4 18. Qb3 Rae8 19. c3 f5 20. Bf4 Qd8 21. Rad1 g5 22. Be5 Qd7 23. Re2 Rf7 24. f4 Bh6 25. Rf1 Re6 26. g3 Rg6 27. Re3 Qd8 28. Rf2 Bg7 29. Qd1 Qb6 30. Qd2 Qe6 31. Bb8 Bf6 32. Qd1 Rfg7 33. Qe2 Qc8 34. fxg5 Qxb8 35. gxf6 Rxf6 36. Qh5 Qc8 37. Rf4 Qe6 38. Kg2 Qb6 39. Rxf5 Rxf5 40. Qxf5 Qxb2+ 41. Kh3 Qxa2 42. Qc8+ Kf7 43. Qxb7+ Kf6 44. Qc6+ Kg5 45. Qd6 Rf7 46. Qe5+ Kg6 47. Qe6+ Rf6 48. Qg8+ Kh6 49. Rxe4 Rg6 50. Qf8+ Kg5 51. Qf4+ 1-0

[Event "FIDE WCCC Open-12 2024"]
[Site "Montesilvano"]
[Date "2024.11.18"]
[Round "2.29"]
[White "Sason, Noam"]
[Black "Padure, Dragos-Alexandru"]
[Result "1/2-1/2"]
[ECO "A05"]
[WhiteElo "2017"]
[BlackElo "1822"]
[PlyCount "96"]
[EventDate "2024.11.18"]
[EventType "swiss"]
[EventCountry "ITA"]
[TimeControl "5400+30"]

1. Nf3 Nf6 2. g3 g6 3. Bg2 Bg7 4. O-O O-O 5. d3 c5 6. e4 d6 7. Nbd2 e5 8. Nc4 b5 9. Ne3 Bb7 10. a4 b4 11. Nd2 Nc6 12. Ndc4 Qc7 13. f4 Rad8 14. Nd5 Nxd5 15. exd5 Nd4 16. g4 exf4 17. Bxf4 Rfe8 18. Bg5 Rd7 19. Be4 Ba6 20. Re1 h6 21. Bh4 Bxc4 22. dxc4 f5 23. gxf5 gxf5 24. Bg2 Rxe1+ 25. Qxe1 Nxc2 26. Qe8+ Kh7 27. Bh3 Rf7 28. Rf1 Nd4 29. Kh1 Qd7 30. Qxd7 Rxd7 31. Rxf5 Rb7 32. Rf2 Be5 33. Kg2 Kg7 34. Bg3 Bxg3 35. hxg3 b3 36. Be6 Re7 37. Rd2 Kf6 38. Rd3 Rb7 39. Rc3 Rb4 40. Bd7 Rb7 41. Bg4 Kg5 42. Bd1 Rb4 43. a5 Rb8 44. Kf2 Kf5 45. Re3 Kf6 46. Rc3 Kf5 47. Rd3 Rb4 48. Rc3 Rb8 1/2-1/2

[Event "FIDE WCCC Open-12 2024"]
[Site "Montesilvano"]
[Date "2024.11.18"]
[Round "2.30"]
[White "Berdashkevich, Makar"]
[Black "Vorobyov, Radmir"]
[Result "1-0"]
[ECO "C78"]
[WhiteElo "1848"]
[BlackElo "2017"]
[PlyCount "89"]
[EventDate "2024.11.18"]
[EventType "swiss"]
[EventCountry "ITA"]
[TimeControl "5400+30"]

1. e4 e5 2. Nf3 Nc6 3. Bb5 Nf6 4. d3 Bc5 5. O-O d6 6. c3 a6 7. Ba4 b5 8. Bc2 Bg4 9. h3 Bh5 10. Nbd2 O-O 11. a4 Qd7 12. Re1 d5 13. Qe2 b4 14. a5 d4 15. c4 Qd6 16. Nb3 h6 17. Bd1 Ne7 18. g4 Bg6 19. Qf1 Ba7 20. Qg2 h5 21. Kh1 hxg4 22. hxg4 Nd7 23. Nh4 f6 24. Qg3 Kf7 25. f4 exf4 26. Bxf4 Ne5 27. c5 Bxc5 28. Nf5 Bxf5 29. exf5 Qd5+ 30. Re4 Rh8+ 31. Kg1 N7c6 32. Nxc5 Qxc5 33. Bb3+ Kf8 34. Rc1 Qb5 35. Bxe5 fxe5 36. Ra1 Re8 37. g5 Nxa5 38. Ba4 Qb8 39. Bxe8 Qxe8 40. g6 Nb3 41. Rae1 Nd2 42. Rxe5 Qc6 43. Re8+ Qxe8 44. Rxe8+ Kxe8 45. Qe1+ 1-0

[Event "FIDE WCCC Open-12 2024"]
[Site "Montesilvano"]
[Date "2024.11.18"]
[Round "2.31"]
[White "Stepanyan, Davit"]
[Black "Simiyu Jadon"]
[Result "1-0"]
[ECO "D55"]
[WhiteElo "2011"]
[BlackElo "1784"]
[PlyCount "61"]
[EventDate "2024.11.18"]
[EventType "swiss"]
[EventCountry "ITA"]
[TimeControl "5400+30"]

1. d4 d5 2. c4 e6 3. Nc3 Nf6 4. Bg5 Be7 5. Nf3 h6 6. Bxf6 Bxf6 7. e3 O-O 8. Qd2 c6 9. h4 h5 10. Be2 g6 11. O-O-O dxc4 12. Bxc4 b5 13. Bd3 Re8 14. Ne4 Be7 15. Ne5 f5 16. Ng5 Bxg5 17. hxg5 Kg7 18. f4 Bb7 19. g4 Rh8 20. gxh5 gxh5 21. Rh4 Nd7 22. Qh2 Nxe5 23. dxe5 Qb6 24. Kb1 Qxe3 25. Rh3 Qb6 26. Rxh5 c5 27. Bxf5 Bd5 28. Rh7+ Rxh7 29. Qxh7+ Kf8 30. Qh8+ Kf7 31. g6+ 1-0

[Event "FIDE WCCC Open-12 2024"]
[Site "Montesilvano"]
[Date "2024.11.18"]
[Round "2.32"]
[White "Petrovski, Nikola"]
[Black "Wijerathna, Vinuka Dihain"]
[Result "0-1"]
[ECO "C54"]
[WhiteElo "1829"]
[BlackElo "2004"]
[PlyCount "150"]
[EventDate "2024.11.18"]
[EventType "swiss"]
[EventCountry "ITA"]
[TimeControl "5400+30"]

1. e4 e5 2. Nf3 Nc6 3. Bc4 Bc5 4. c3 Nf6 5. d3 a6 6. a4 d6 7. b4 Ba7 8. O-O h6 9. Be3 O-O 10. Bxa7 Rxa7 11. Nbd2 Ra8 12. Qb3 Bg4 13. Rfe1 Qd7 14. Re3 Rfe8 15. h3 Be6 16. Bxe6 Rxe6 17. d4 Ree8 18. Ree1 b6 19. Rad1 Rad8 20. Qc2 Qe7 21. Qb1 Ra8 22. d5 Nb8 23. Nf1 Nbd7 24. Ng3 g6 25. Qc1 Kh7 26. Nh2 Rf8 27. f4 exf4 28. Qxf4 Qe5 29. Qe3 Rae8 30. Kf2 Qe7 31. Nf3 Ne5 32. Kg1 Nfd7 33. Nd4 Qh4 34. Rf1 Qg5 35. Qxg5 hxg5 36. Rf2 Kg7 37. Rdd2 Rh8 38. Rd1 Ra8 39. Rdf1 a5 40. b5 Nc5 41. Nc6 Ncd7 42. Ne2 Rhf8 43. Ned4 Nc5 44. Ra2 Nxe4 45. c4 Rae8 46. Nxe5 dxe5 47. Nc6 f6 48. Kh2 Rf7 49. Rc2 Nc5 50. Ra2 Rd7 51. Raf2 Rd6 52. Ra2 e4 53. Nd4 f5 54. Re1 Rf8 55. Rae2 f4 56. Rxe4 Nxe4 57. Rxe4 Kf6 58. g3 fxg3+ 59. Kxg3 Rf7 60. Nc6 Kg7 61. Nd4 Rdf6 62. Ne6+ Kh6 63. h4 Rf3+ 64. Kg4 gxh4 65. Kxh4 Rf1 66. Kg3 g5 67. Re2 Rg1+ 68. Kh2 Rg4 69. Nd8 Rh7 70. Re3 Kg6+ 71. Rh3 Rxh3+ 72. Kxh3 Rxc4 73. Nc6 Kf6 74. Kg3 Rc5 75. Nb8 Rxd5 0-1

[Event "FIDE WCCC Open-12 2024"]
[Site "Montesilvano"]
[Date "2024.11.18"]
[Round "2.33"]
[White "Smirnov, Mark"]
[Black "Mikolavicius, Julius"]
[Result "1-0"]
[ECO "B90"]
[WhiteElo "2300"]
[BlackElo "1746"]
[PlyCount "79"]
[EventDate "2024.11.18"]
[EventType "swiss"]
[EventCountry "ITA"]
[TimeControl "5400+30"]

1. e4 c5 2. Nf3 d6 3. d4 cxd4 4. Nxd4 Nf6 5. Nc3 a6 6. Bd3 e5 7. Nde2 Be6 8. O-O Be7 9. h3 O-O 10. Nd5 Bxd5 11. exd5 Nbd7 12. c4 Rc8 13. b3 Nc5 14. Bf5 Rb8 15. b4 Ncd7 16. Be3 g6 17. Bd3 Nh5 18. Rc1 f5 19. Bh6 Ng7 20. c5 dxc5 21. d6 Bg5 22. Bxg5 Qxg5 23. bxc5 f4 24. Nc3 Nxc5 25. Ne4 Nxe4 26. Bxe4 Kh8 27. d7 Ne6 28. Qd6 Nd4 29. Rc5 f3 30. g3 Nb5 31. Qxe5+ Qxe5 32. Rxe5 Nc3 33. Bxf3 Rbd8 34. Re7 Nxa2 35. Rfe1 Nb4 36. Bxb7 Kg8 37. Rc1 Rxf2 38. Kxf2 Nd3+ 39. Ke3 Rxd7 40. Rc8+ 1-0

[Event "FIDE WCCC Open-12 2024"]
[Site "Montesilvano"]
[Date "2024.11.18"]
[Round "2.34"]
[White "Dauren, Darmen"]
[Black "Ritzerveld, Noah"]
[Result "1-0"]
[ECO "D00"]
[WhiteElo "1820"]
[BlackElo "2285"]
[PlyCount "83"]
[EventDate "2024.11.18"]
[EventType "swiss"]
[EventCountry "ITA"]
[TimeControl "5400+30"]

1. d4 d5 2. Bg5 h6 3. Bf4 c5 4. e3 Nc6 5. Nf3 Nf6 6. Nc3 Bg4 7. Bb5 e6 8. Qd3 c4 9. Qe2 Bd6 10. Bxc6+ bxc6 11. Bxd6 Qxd6 12. e4 Qf4 13. Qe3 Qxe3+ 14. fxe3 Nd7 15. b3 Bxf3 16. gxf3 Nb6 17. exd5 cxd5 18. b4 Kd7 19. a4 a5 20. Rb1 Kc6 21. Kf2 Ra7 22. bxa5 Rxa5 23. Rb4 Rha8 24. Ra1 R5a6 25. Ke2 R6a7 26. Kd2 Ra6 27. Rg1 g5 28. Rgb1 Nxa4 29. Nxa4 Rxa4 30. Rb7 R4a6 31. Rxf7 R8a7 32. Rf6 Kd6 33. e4 dxe4 34. fxe4 h5 35. Rb5 Rg7 36. Rc5 h4 37. e5+ Kd7 38. d5 g4 39. d6 Ra7 40. Rf8 c3+ 41. Ke2 g3 42. Rcc8 1-0

[Event "FIDE WCCC Open-12 2024"]
[Site "Montesilvano"]
[Date "2024.11.18"]
[Round "2.35"]
[White "Xia, Jinnan"]
[Black "Saminskij, Jan"]
[Result "1-0"]
[ECO "D36"]
[WhiteElo "1850"]
[BlackElo "2202"]
[PlyCount "123"]
[EventDate "2024.11.18"]
[EventType "swiss"]
[EventCountry "ITA"]
[TimeControl "5400+30"]

1. d4 d5 2. c4 e6 3. Nc3 Nf6 4. cxd5 exd5 5. Bg5 Be7 6. e3 Nbd7 7. Bd3 c6 8. Nge2 Nf8 9. O-O Ne6 10. Bh4 O-O 11. Qc2 g6 12. Rad1 Re8 13. f3 b5 14. Bf2 a5 15. h3 Ba6 16. e4 Qb6 17. e5 Nh5 18. Be3 Nhf4 19. Nxf4 Nxf4 20. Bf5 Ne6 21. Bxe6 fxe6 22. Rf2 Rac8 23. Qb3 b4 24. Na4 Qb8 25. Rc1 Bc4 26. Qd1 b3 27. a3 c5 28. dxc5 Qxe5 29. Qd2 Bh4 30. Nb6 Rcd8 31. Bd4 Bxf2+ 32. Kxf2 Qf5 33. c6 e5 34. c7 Rc8 35. Nxc8 Rxc8 36. Bb6 e4 37. f4 g5 38. Kg3 h6 39. fxg5 hxg5 40. Kh2 a4 41. Kh1 Kf7 42. Ba5 Qf4 43. Qd1 Kg6 44. Qe1 e3 45. Rc3 e2 46. Rf3 Qe5 47. Qb4 Qe6 48. Qe1 d4 49. Rg3 Rf8 50. Qd2 Qe5 51. Kh2 Be6 52. Qd3+ Kh6 53. Be1 Rf1 54. Qd2 d3 55. h4 Kg7 56. Qc3 Qxc3 57. Bxc3+ Kf7 58. Re3 Bf5 59. Rxd3 e1=Q 60. Bxe1 Rxe1 61. Rf3 Rc1 62. Rxf5+ 1-0

[Event "FIDE WCCC Open-12 2024"]
[Site "Montesilvano"]
[Date "2024.11.18"]
[Round "2.37"]
[White "Marchand, Calix"]
[Black "Aadik Theophane Lenin"]
[Result "0-1"]
[ECO "B22"]
[WhiteElo "2027"]
[BlackElo "1857"]
[PlyCount "82"]
[EventDate "2024.11.18"]
[EventType "swiss"]
[EventCountry "ITA"]
[TimeControl "5400+30"]

1. e4 c5 2. c3 Nf6 3. e5 Nd5 4. Nf3 Nc6 5. Bc4 Nb6 6. Bb3 c4 7. Bc2 d6 8. exd6 Qxd6 9. O-O Bg4 10. Qe2 e6 11. b3 cxb3 12. axb3 Nd5 13. d4 Rc8 14. Be4 Be7 15. Bd2 O-O 16. Na3 Qd7 17. Rfe1 Na5 18. c4 Nb4 19. Qe3 Bxf3 20. Bxf3 Rfd8 21. Bc3 Nxb3 22. Bxb4 Bxb4 23. Qxb3 Bxe1 24. Rxe1 Qxd4 25. Bxb7 Rb8 26. Qf3 Qd2 27. Rf1 Rd3 28. Nb1 Rxf3 29. Nxd2 Rd3 30. Ne4 Rd4 31. Ba6 Rxe4 32. c5 Ra4 33. Be2 Rc8 34. Rc1 Kf8 35. g3 Ke7 36. h4 Rc7 37. Kg2 e5 38. g4 e4 39. g5 Ra5 40. Rc4 Rcxc5 41. Rxe4+ Re5 0-1

[Event "FIDE WCCC Open-12 2024"]
[Site "Montesilvano"]
[Date "2024.11.18"]
[Round "2.38"]
[White "Dos Santos, Leonardo Lopes"]
[Black "Shirinov, Yashar"]
[Result "1/2-1/2"]
[ECO "B01"]
[WhiteElo "1930"]
[BlackElo "1642"]
[PlyCount "37"]
[EventDate "2024.11.18"]
[EventType "swiss"]
[EventCountry "ITA"]
[TimeControl "5400+30"]

1. e4 d5 2. exd5 Nf6 3. d4 Nxd5 4. Nf3 g6 5. Be2 Bg7 6. c3 O-O 7. O-O Nc6 8. Re1 Bf5 9. Bf1 Re8 10. Nbd2 Qd7 11. Nc4 Rad8 12. Bg5 h6 13. Bh4 Nf4 14. Nce5 Nxe5 15. Nxe5 Qd5 16. Bg3 Bxe5 17. Rxe5 Qxe5 18. dxe5 Rxd1 19. Rxd1 1/2-1/2

[Event "FIDE WCCC Open-12 2024"]
[Site "Montesilvano"]
[Date "2024.11.18"]
[Round "2.39"]
[White "Leht, Karl Samuel"]
[Black "Skytte, Robert"]
[Result "1/2-1/2"]
[ECO "D32"]
[WhiteElo "1701"]
[BlackElo "1925"]
[PlyCount "51"]
[EventDate "2024.11.18"]
[EventType "swiss"]
[EventCountry "ITA"]
[TimeControl "5400+30"]

1. d4 d5 2. c4 e6 3. Nf3 Nf6 4. Bg5 c5 5. cxd5 exd5 6. Nc3 Be6 7. e3 a6 8. Be2 Nbd7 9. O-O Be7 10. Rc1 O-O 11. a4 Qb6 12. Ne5 Rfd8 13. f4 Bf5 14. Bf3 cxd4 15. exd4 Qxb2 16. Bxd5 Nxd5 17. Nxd5 Bxg5 18. fxg5 Nxe5 19. Ne7+ Kf8 20. Nxf5 Nc6 21. Qh5 Kg8 22. Ne7+ Nxe7 23. Qxf7+ Kh8 24. Qxe7 Qxd4+ 25. Kh1 b5 26. axb5 1/2-1/2

[Event "FIDE WCCC Open-12 2024"]
[Site "Montesilvano"]
[Date "2024.11.18"]
[Round "2.40"]
[White "Gazzato, Nicolo`"]
[Black "Son, Juwon"]
[Result "1-0"]
[ECO "B31"]
[WhiteElo "1868"]
[BlackElo "1448"]
[PlyCount "101"]
[EventDate "2024.11.18"]
[EventType "swiss"]
[EventCountry "ITA"]
[TimeControl "5400+30"]

1. e4 c5 2. Nf3 Nc6 3. Bb5 g6 4. O-O Bg7 5. c3 Nf6 6. Qe2 O-O 7. Rd1 d5 8. e5 Ng4 9. d4 cxd4 10. cxd4 Qb6 11. Nc3 a6 12. Ba4 Rd8 13. Bb3 Be6 14. Na4 Qc7 15. Ng5 Bf5 16. Nc3 Nxd4 17. Rxd4 Bxe5 18. Rxd5 Bxc3 19. Rxd8+ Rxd8 20. g3 Qe5 21. Qxe5 Bxe5 22. Nxf7 Rd3 23. Nxe5+ Rxb3 24. Nxg4 Rd3 25. Nh6+ Kg7 26. Nxf5+ gxf5 27. Bf4 Kf6 28. Re1 Rd5 29. h4 e5 30. Bg5+ Kg6 31. Be3 e4 32. Rc1 Rd7 33. Rc8 Rd1+ 34. Kg2 Ra1 35. a3 Ra2 36. Rc2 Ra1 37. Bc1 Kf6 38. Kf1 Ke5 39. Ke2 b5 40. Kd2 f4 41. gxf4+ Kxf4 42. Rc8 Kg4 43. Kc2 Kxh4 44. b3 Ra2+ 45. Bb2 Kg4 46. Kb1 Rxb2+ 47. Kxb2 h5 48. Re8 Kf3 49. Rf8+ Kg4 50. Kc3 h4 51. Kd4 1-0

[Event "FIDE WCCC Open-12 2024"]
[Site "Montesilvano"]
[Date "2024.11.18"]
[Round "2.41"]
[White "Torres Rebolledo, Alvaro"]
[Black "Stefanov, Stefan"]
[Result "1-0"]
[ECO "B12"]
[WhiteElo "2216"]
[BlackElo "1478"]
[PlyCount "37"]
[EventDate "2024.11.18"]
[EventType "swiss"]
[EventCountry "ITA"]
[TimeControl "5400+30"]

1. e4 c6 2. d4 d5 3. e5 Bf5 4. Nf3 e6 5. Be2 Nd7 6. c3 Ne7 7. Nh4 Qc7 8. Nxf5 Nxf5 9. Bd3 Ne7 10. O-O c5 11. Be3 Nc6 12. f4 cxd4 13. cxd4 Nb4 14. f5 Nxd3 15. Qxd3 Qb6 16. Nc3 Be7 17. fxe6 fxe6 18. Rac1 Qxb2 19. Nb5 1-0

[Event "FIDE WCCC Open-12 2024"]
[Site "Montesilvano"]
[Date "2024.11.18"]
[Round "2.42"]
[White "Boiko, Nazar"]
[Black "Sahbudak, Baris Cinar"]
[Result "1/2-1/2"]
[ECO "B21"]
[WhiteElo "1614"]
[BlackElo "2264"]
[PlyCount "90"]
[EventDate "2024.11.18"]
[EventType "swiss"]
[EventCountry "ITA"]
[TimeControl "5400+30"]

1. e4 c5 2. d4 cxd4 3. c3 d3 4. c4 Nc6 5. Nc3 g6 6. Nf3 Bg7 7. Bxd3 d6 8. h3 Nf6 9. O-O O-O 10. Bf4 Be6 11. Qd2 Rc8 12. Bh6 Qd7 13. Bxg7 Kxg7 14. Nd5 Bxd5 15. exd5 Nd8 16. Rac1 e5 17. dxe6 fxe6 18. Rfd1 e5 19. Bb1 Nf7 20. Ng5 Nxg5 21. Qxg5 Qe6 22. Qd2 Rcd8 23. Qa5 a6 24. Qb6 Qe7 25. Rd2 Rd7 26. Rcd1 Rfd8 27. Bc2 d5 28. cxd5 Rxd5 29. Rxd5 Rxd5 30. Rxd5 Nxd5 31. Qb3 Nf4 32. Be4 b5 33. Qc2 Qb4 34. Qb1 Qd2 35. Bb7 a5 36. Ba6 Ne2+ 37. Kh1 Nd4 38. Kg1 e4 39. Qxe4 Ne2+ 40. Kh2 Qd6+ 41. g3 Nxg3 42. fxg3 Qxa6 43. Qe7+ Kg8 44. Qe8+ Kg7 45. Qe7+ Kg8 1/2-1/2

[Event "FIDE WCCC Open-12 2024"]
[Site "Montesilvano"]
[Date "2024.11.18"]
[Round "2.43"]
[White "Guo, Ethan"]
[Black "Krasniqi, Troi"]
[Result "1-0"]
[ECO "B38"]
[WhiteElo "2157"]
[BlackElo "1610"]
[PlyCount "55"]
[EventDate "2024.11.18"]
[EventType "swiss"]
[EventCountry "ITA"]
[TimeControl "5400+30"]

1. e4 c5 2. Nf3 d6 3. d4 cxd4 4. Nxd4 g6 5. c4 Bg7 6. Nc3 Nf6 7. Be2 O-O 8. O-O Bd7 9. Be3 Nc6 10. Rc1 Rc8 11. f3 a6 12. Qd2 Nxd4 13. Bxd4 Re8 14. b4 Nh5 15. Be3 Nf6 16. Rfd1 b6 17. Bg5 Bc6 18. Qe3 Qc7 19. b5 axb5 20. cxb5 Ba8 21. Na4 Qa7 22. Rxc8 Rxc8 23. Nxb6 Rc5 24. Qxc5 dxc5 25. Rd8+ Bf8 26. Bh6 Nd7 27. Nxd7 c4+ 28. b6 1-0

[Event "FIDE WCCC Open-12 2024"]
[Site "Montesilvano"]
[Date "2024.11.18"]
[Round "2.44"]
[White "Birmenko, Nikolay"]
[Black "To, Nam Long"]
[Result "1-0"]
[ECO "C41"]
[WhiteElo "2084"]
[BlackElo "1608"]
[PlyCount "61"]
[EventDate "2024.11.18"]
[EventType "swiss"]
[EventCountry "ITA"]
[TimeControl "5400+30"]

1. e4 d6 2. d4 Nf6 3. Nc3 e5 4. Nf3 Nbd7 5. Rg1 Be7 6. g4 h6 7. h4 g6 8. Be3 c6 9. Qd2 h5 10. gxh5 Nxh5 11. O-O-O Qc7 12. Bc4 Ndf6 13. dxe5 dxe5 14. Ng5 Rf8 15. f3 Bd7 16. Qg2 O-O-O 17. Nxf7 Rde8 18. Ng5 a5 19. Rxd7 Nxd7 20. Ne6 Qd6 21. Rd1 Qb4 22. Rxd7 Kxd7 23. Qh3 Rf5 24. Bb3 a4 25. exf5 axb3 26. fxg6 Nf6 27. a3 Qd6 28. Na4 Nd5 29. Ng7+ Kd8 30. Nb6 Bg5 31. Qc8+ 1-0

[Event "FIDE WCCC Open-12 2024"]
[Site "Montesilvano"]
[Date "2024.11.18"]
[Round "2.45"]
[White "Ivarlac, Vladislav"]
[Black "Mihajlovic, Stefan"]
[Result "1-0"]
[ECO "D02"]
[WhiteElo "1867"]
[BlackElo "1594"]
[PlyCount "43"]
[EventDate "2024.11.18"]
[EventType "swiss"]
[EventCountry "ITA"]
[TimeControl "5400+30"]

1. Nf3 Nc6 2. g3 d5 3. d4 Nf6 4. Bg2 Bg4 5. Ne5 Bd7 6. O-O e6 7. Nxd7 Qxd7 8. c3 h6 9. Nd2 e5 10. dxe5 Nxe5 11. e4 O-O-O 12. exd5 Nxd5 13. Nf3 Qf5 14. Nxe5 Qxe5 15. c4 Nb4 16. Bxb7+ Kxb7 17. Qxd8 h5 18. Bf4 Qa5 19. a3 Na6 20. b4 Qb6 21. c5 Qc6 22. b5 1-0

[Event "FIDE WCCC Open-12 2024"]
[Site "Montesilvano"]
[Date "2024.11.18"]
[Round "2.46"]
[White "Berishvili, Davit"]
[Black "Anagnostopoulos, Panagiotis"]
[Result "0-1"]
[ECO "E62"]
[WhiteElo "1578"]
[BlackElo "1848"]
[PlyCount "108"]
[EventDate "2024.11.18"]
[EventType "swiss"]
[EventCountry "ITA"]
[TimeControl "5400+30"]

1. d4 Nf6 2. c4 g6 3. Nf3 Bg7 4. g3 O-O 5. Bg2 d6 6. O-O Nc6 7. Nc3 e5 8. d5 Ne7 9. e4 h6 10. h3 Nd7 11. Nh2 a5 12. Ng4 h5 13. Ne3 Nc5 14. b3 f5 15. Ba3 f4 16. Bxc5 dxc5 17. Nc2 f3 18. Bxf3 Bxh3 19. Bg2 Bg4 20. f3 Bc8 21. Qe2 g5 22. Qe3 Ng6 23. Qxc5 h4 24. g4 Nf4 25. Kh2 Qf6 26. Qf2 Rf7 27. Bh3 Bf8 28. Ne2 b6 29. Nxf4 Qxf4+ 30. Kh1 a4 31. Qh2 Qf6 32. b4 Ba6 33. b5 Bb7 34. a3 Bc5 35. Qd2 Raf8 36. Rab1 Bc8 37. Nb4 Bd7 38. Na6 Bd6 39. Nb4 Be8 40. Rb2 Rg7 41. Qc2 Qf4 42. Qe2 Bg6 43. Rbb1 Rgf7 44. Qe1 Qf6 45. Qd2 Qe7 46. Qc3 Rf4 47. Kh2 Qf6 48. Bg2 h3 49. Bxh3 Rxf3 50. Rxf3 Qxf3 51. Qxf3 Rxf3 52. Bg2 Rxa3 53. Na6 Ra2 54. Kg3 Rxg2+ 0-1